 Dungeon Crawl Stone Soup version 0.31-a0-1597-ge7908ec (webtiles) character file.

Game seed: 13836536452016226589

187616 blake the Warrior (level 19, -6/153 HPs)
             Began as a Djinni Fire Elementalist on Jan 6, 2024.
             Was a High Priest of Elyvilon.
             Shot with an arrow by a satyr (34 damage)
             ... on level 3 of the Shoals on Jan 7, 2024.
             The game lasted 02:10:26 (24329 turns).

blake the Warrior (Djinni Fire Elementalist)       Turns: 24329, Time: 02:10:26

Health: -6/153     AC:  6    Str:  9    XL:     19   Next: 22%
Gold:   1051       EV: 18    Int: 31    God:    Elyvilon [*****.] SH:  7 Dex: 20

rFire   + + +        N - staff of Pain and Death {Will+ Str+2 Conj}
rCold   + + .        F - +2 buckler {rPois}
rNeg    . . .        Z - +1 robe of Ewoemomy {Archmagi}
rPois   ∞            h - +0 helmet {SInv}
rElec   .            P - scarf {rC+ rF+}
rCorr   .            d - +1 pair of gloves
SInv    +            (boots unavailable)
Will    +++..        j - amulet of regeneration
Stlth   +++          k - ring "Culod" {rC+ Int+3 Dex+6}
HPRegen 1.25/turn    C - ring of the Countless Hells {*Slow rC+ Will+ Int+3 Slay+2}
MPRegen 0.00/turn

%: slow self (1%), archmagi, infuse magic (-7 HP)
@: flying, studying Fighting
A: sickness immunity, fire resistance 2, cold vulnerability 1, float, innate
caster, HP casting, extra vitality 1
a: Renounce Religion, Purification, Heal Other, Heal Self, Divine Vigour


You were on level 3 of the Shoals.
You worshipped Elyvilon.
Elyvilon was extremely pleased with you.
You visited 4 branches of the dungeon, and saw 25 of its levels.
You also visited: Sewer, Ossuary and Volcano.

You collected 2887 gold pieces.
You spent 1836 gold pieces at shops.

Inventory:

Armour
 d - a +1 pair of gloves (worn)
 h - a +0 helmet of see invisible (worn)
 u - a +2 leather armour of cold resistance
 F - a +2 buckler of poison resistance (worn)
 P - a scarf of resistance (worn)
 Z - the +1 robe of Ewoemomy (worn) {Archmagi}
   (You found it on level 15 of the Dungeon)

   Archmagi:  It increases the power of your magical spells.
Magical Staves
 N - the staff of Pain and Death (weapon) {Will+ Str+2 Conj}
   (You took it off a centaur warrior on level 14 of the Dungeon)

   [staff of conjuration]

   Base accuracy: +5 Base damage: 5 Base attack delay: 1.2 This weapon's minimum
   attack delay (0.6) is reached at skill level 12.
   Str+2:     It affects your strength (+2).
   Will+:     It increases your willpower.
   Conj:      It increases the power of your Conjurations spells.
   It falls into the 'Staves' category.
   It is a one-handed weapon.
 O - a staff of earth
 Y - a staff of fire
Jewellery
 j - an amulet of regeneration (around neck)
 k - the ring "Culod" (left hand) {rC+ Int+3 Dex+6}
   (You found it on level 14 of the Dungeon)

   [ring of dexterity]

   Int+3:     It affects your intelligence (+3).
   Dex+6:     It affects your dexterity (+6).
   rC+:       It protects you from cold.
 l - the ring of Rorud {rF++ Will+ Int+4 Slay+5}
   (You acquired it on level 4 of the Dungeon)

   [ring of willpower]

   Int+4:     It affects your intelligence (+4).
   Slay+5:    It affects your accuracy & damage with ranged weapons and melee
   (+5).
   rF++:      It greatly protects you from fire.
   Will+:     It increases your willpower.
 A - a ring of see invisible
 C - the ring of the Countless Hells (right hand) {*Slow rC+ Will+ Int+3 Slay+2}
   (You bought it in a shop on level 4 of the Dungeon)

   [ring of protection from cold]

   Int+3:     It affects your intelligence (+3).
   Slay+2:    It affects your accuracy & damage with ranged weapons and melee
   (+2).
   rC+:       It protects you from cold.
   Will+:     It increases your willpower.
   *Slow:     It may slow you when you take damage.
 J - a ring of resist corrosion
 L - the ring "Zaotu" {Wiz Dex+5 Slay-3}
   (You took it off a kobold demonologist on level 14 of the Dungeon)

   [ring of wizardry]

   Wiz:       It improves your spell success rate.
   Dex+5:     It affects your dexterity (+5).
   Slay-3:    It affects your accuracy & damage with ranged weapons and melee
   (-3).
 X - the ring of Xom's Fair Game {MP+9 Int+3 Dex+4}
   (You found it on level 13 of the Dungeon)

   [ring of magical power]

   Int+3:     It affects your intelligence (+3).
   Dex+4:     It affects your dexterity (+4).
   MP+9:      It affects your magic capacity (+9).
Wands
 b - a wand of light (31)
 t - a wand of roots (21)
 w - a wand of flame (29)
 D - a wand of digging (9)
 T - a wand of paralysis (3)
Scrolls
 c - 5 scrolls of enchant weapon
 e - 6 scrolls of enchant armour
 f - a scroll of fear
 g - 2 scrolls of blinking
 p - 4 scrolls of noise
 q - 6 scrolls of vulnerability
 s - 5 scrolls of poison
 v - 7 scrolls of immolation
 x - 2 scrolls of butterflies
 y - 14 scrolls of teleportation
 K - 2 scrolls of identify
 M - 8 scrolls of fog
 Q - 3 scrolls of revelation
Potions
 a - a potion of berserk rage
 i - 5 potions of resistance
 m - 10 potions of curing
 n - 2 potions of cancellation
 o - 4 potions of heal wounds
 r - 6 potions of lignification
 z - 5 potions of enlightenment
 B - 6 potions of attraction
 E - 3 potions of haste
 G - 8 potions of might
 H - a potion of ambrosia
 I - 4 potions of mutation
 R - 5 potions of invisibility
Miscellaneous
 S - a phantom mirror
 U - a lightning rod (4/4)


   Skills:
 + Level 19.1 Fighting
 + Level 10.0 Dodging
 - Level 3.3 Stealth
 * Level 15.6 Spellcasting
 * Level 15.6 Conjurations
 * Level 15.6 Hexes
   Level 0.0 Charms
 * Level 15.6 Summonings
 * Level 15.6 Necromancy
 * Level 15.6 Translocations
   Level 0.0 Transmutations
 * Level 15.6 Fire Magic
 * Level 15.6 Ice Magic
 * Level 15.6 Air Magic
 * Level 15.6 Earth Magic
 * Level 15.6 Alchemy
 - Level 15.0 Invocations


You knew the following spells:

 Your Spells              Type           Power      Damage    Failure   Level
a - Foxfire               Conj/Fire      100%       2x1d9     0%          1
b - Scorch                Fire           100%       2d9       0%          2
c - Volatile Blastmotes   Fire/Tloc      100%       2d18      0%          3
d - Inner Flame           Hex/Fire       100%       N/A       0%          3
e - Flame Wave            Conj/Fire      100%       2d21      1%          4
f - Necrotise             Necr           100%       1d9       0%          1
g - Searing Ray           Conj           100%       2d8       0%          2
h - Summon Ice Beast      Ice/Summ       100%       N/A       0%          3
i - Fulminant Prism       Conj/Alch      67%        3d27      1%          4
j - Iskenderun's Battles  Conj           100%       2d15      1%          5
k - Arcjolt               Conj/Air       67%        1d77      1%          5
l - Summon Cactus Giant   Summ           55%        N/A       1%          6
m - Orb of Destruction    Conj           67%        9d16      3%          7
n - Conjure Ball Lightni  Conj/Air       67%        3x3d25    1%          6
Your spell library was empty.

Dungeon Overview and Level Annotations

Branches:
Dungeon (15/15)            Temple (0/1) D:6            Lair (5/5) D:8
 Shoals (3/4) Lair:2       Spider (0/4) Lair:3        Slime (0/5) Lair:4
    Orc (2/2) D:9             Elf (0/3) Orc:2        Vaults (0/5) D:14
 Depths (0/4) D:15          Sewer (visited)         Ossuary (visited)
Volcano (visited)

Altars:
Elyvilon
Gozag
Okawaru
Ru
Uskayaw
Yredelemnul

Shops:
D:4 =   D:7 ((   D:8 *   D:10 ?   D:14 [   Orc:2 *![?:   Shoals:3 ?

Annotations:
D:13 2 runed translucent doors, Heyr's ghost, journeyman TrSh
Lair:3 1 runed translucent door


Innate Abilities, Weirdness & Mutations

You are immune to sickness and miasma.
You are immune to poison.
Your flesh is very heat resistant. (rF++)
You are vulnerable to cold. (rC-)
You float through the air rather than walking.
You learn spells naturally, not from books.
Your magical power is your life essence.
You have superior vitality. (+4 MHP)


Message History

The satyr is heavily wounded.
The satyr plays a rousing melody on its pipes!
The fauns go into a battle-frenzy!
The faun points at you and mumbles some strange words.
You resist with almost no effort.
The foxfire hits the satyr.
The satyr is heavily wounded.
You are healed.
The foxfire hits the satyr.
The satyr is heavily wounded.
The satyr plays a rousing melody on its pipes!
The satyr goes into a battle-frenzy!
The foxfire hits the satyr.
The satyr is heavily wounded.
You are healed.
The faun shoots a sling bullet.
You block the sling bullet.
The satyr shoots an arrow.
The arrow hits you!!
Casting: Foxfire (safe; 0% risk of failure)
Confirm with . or Enter, or press ? or * to list all spells.
Aiming: Orb of Destruction (dangerous; 3% risk of failure)
Press: ? - help, Shift-Dir - straight line, f - faun
Aim: a faun, wielding a +0 sling (strong)
You feel a strong surge of power!
Your battlesphere fires!
The barrage of energy hits the satyr!
The satyr is severely wounded.
The faun shoots a sling bullet.
The sling bullet misses you.
The satyr shoots an arrow.
The arrow hits you!!
The orb of destruction hits the faun!!!!
You blow up the faun!
The satyr shoots an arrow.
The arrow hits your battlesphere!!!
Your battlesphere is destroyed!
You are healed.
The satyr shoots an arrow.
The arrow hits you!!
The satyr unwields a +0 quarterstaff.
The satyr wields a +0 longbow.
The satyr shoots an arrow.
The arrow hits you!
* * * LOW HITPOINT WARNING * * *
Press: ? - help, v - describe, . - travel
Here: a satyr, wielding a +0 longbow (severely wounded, strong)
The floor, spattered with blood.
You are healed.
The satyr shoots an arrow.
The arrow hits you!!
* * * LOW HITPOINT WARNING * * *
The satyr shoots an arrow.
The arrow hits you!!
You die...

~~~~. .~~~. ~~~~< .~~.##
~.~~.###..~~.## #
~~~~..#...~~~~. ###..
..cc...~~~≈~~~ ......
.)$.~~~~≈≈≈≈≈ .......
#°.~~~~~≈≈≈≈ .......
#○~~~~~≈≈≈≈
...........#####@.~~~~≈≈≈≈
...................~~~≈≈≈≈
....................~~≈≈≈≈
............~~.....~~~≈≈≈≈
..~.............##..~~≈≈≈≈
.#......>....~~~.#.~~~≈≈≈≈
....†.).......~~~~.~~~≈≈≈≈
.∩.#............~~..~~~≈≈≈
.............##...~~~~~≈≈≈


You could see 2 satyrs.

Vanquished Creatures
  2 krakens (Shoals:1)
  Ilsuiw (Shoals:2)
  A tengu reaver (D:14)
  A merfolk impaler (Shoals:1)
  Josephine (D:11)
  A fire dragon (Volcano)
  A merfolk javelineer (Shoals:2)
  4 vault guards (D:14)
  2 rakshasas (D:15)
  7 hydras
  A death knight (D:14)
  9 centaur warriors
  5 merfolk aquamancers (Shoals:2)
  An ogre mage (D:15)
  7 two-headed ogres
  3 death yaks (Lair:4)
  A tengu warrior (D:14)
  7 boulder beetles
  A satyr (Shoals:2)
  6 orc high priests (Orc:2)
  An occultist (D:15)
  A hell knight (D:14)
  2 sun demons (Volcano)
  5 skysharks
  5 skeletal warriors
  3 goliath frogs (Lair:5)
  6 sea snakes
  4 harpies (Shoals:1)
  3 lindwurms (Lair:3)
  A phantasmal warrior (D:14)
  7 orc knights
  2 deep elf pyromancers (D:14)
  An arcanist (D:15)
  A necromancer (D:15)
  2 orc sorcerers
  A deep elf zephyrmancer (D:15)
  5 ugly things
  3 fauns
  2 meliai (D:14)
  11 manticores
  15 cyclopes
  17 elephants
  5 black mambas
  2 kobold blastminers (Orc:2)
  3 water nymphs
  6 merfolk sirens
  A smoke demon (Volcano)
  Joseph (D:9)
  3 gargoyles
  16 cane toads
  2 unseen horrors
  2 rime drakes
  Maggie (D:9)
  3 efreet
  4 kobold demonologists
  3 freezing wraiths (D:14)
  15 komodo dragons
  3 tengu conjurers (D:15)
  A yaktaur (shapeshifter) (D:14)
  10 trolls
  12 merfolk
  A tyrant leech (Lair:5)
  A blink frog (shapeshifter) (D:14)
  The ghost of Gimbap the Ruffian, an amateur DrSh (D:3)
  28 blink frogs
  4 wind drakes
  7 dream sheep (Lair:4)
  4 snapping turtles
  12 slime creatures
  A shadow (D:12)
  Sigmund (D:4)
  A spriggan (shapeshifter) (D:14)
  2 centaur simulacra (D:15)
  3 culicivoras (Lair:3)
  A vampire (D:9)
  7 wraiths
  A water elemental (Shoals:2)
  26 yaks
  4 basilisks
  2 wyverns
  2 wargs
  5 steam dragons
  23 vampire mosquitoes
  4 acid dragons
  2 swamp worms (Lair:5)
  Duvessa (D:4)
  11 water moccasins
  A hell hound (Volcano)
  31 orc warriors
  A sky beast (D:7)
  3 black bears
  3 laughing skulls
  4 ogres
  3 ice beasts
  A boggart (D:14)
  8 centaurs
  7 wolves
  A phantom (D:5)
  6 kobold brigands
  A brain worm (Sewer)
  2 elf zombies (Ossuary)
  17 bullfrogs
  4 scorpions
  Dowan (D:4)
  20 wights
  8 killer bees
  An electric eel (Lair:1)
  7 howler monkeys
  4 centaur zombies
  A human zombie (Ossuary)
  30 orc priests
  3 bombardier beetles
  A gnoll bouda (D:7)
  3 quasits (D:3)
  7 hounds
  3 jellies
  Jessica (D:3)
  6 iguanas
  A sleepcap (D:6)
  12 orc wizards
  Ijyb (D:5)
  4 hound zombies (Ossuary)
  2 mummies (Ossuary)
  4 gnolls (D:7)
  10 adders
  2 river rats (Sewer)
  A white imp (D:6)
  A ribbon worm zombie (D:7)
  6 ufetubi
  4 adder zombies (Ossuary)
  2 ribbon worms
  2 dart slugs
  70 orcs
  5 endoplasms
  7 giant cockroaches
  8 goblins
  10 hobgoblins
  9 jackals
  18 kobolds
  3 quokkas (Sewer)
  12 ball pythons
  14 bats
  9 frilled lizards
  3 gnoll zombies (Ossuary)
  A hobgoblin zombie (D:7)
  7 jackal zombies
  10 kobold zombies (Ossuary)
  2 orc zombies (Ossuary)
  6 rats
  56 foxfires
  5 tentacles (Shoals:1)
904 creatures vanquished.

Vanquished Creatures (collateral kills)
  A boulder beetle (D:14)
  A centaur warrior (D:14)
  A yak (D:9)
  A vampire mosquito (D:9)
  An elf zombie (Ossuary)
  An orc wizard (D:14)
  2 adder zombies (Ossuary)
  An orc zombie (Ossuary)
  43 foxfires
52 creatures vanquished.

Vanquished Creatures (others)
  A wolf (Lair:3)
  3 ball lightnings (Shoals:2)
  3144 foxfires
  3 fulminant prisms
  3 tentacles (Shoals:1)
3154 creatures vanquished.

Grand Total: 4110 creatures vanquished

Notes
Turn   | Place    | Note
-------+----------+-------------------------------------------
     0 | D:1      | blake the Djinni Fire Elementalist began the quest for the
                  | Orb.
     0 | D:1      | blake set off with the following spells memorised: Foxfire,
                  | Scorch, Volatile Blastmotes, Inner Flame, Flame Wave.
     0 | D:1      | Reached XP level 1. HP: 15/15 MP: 0/0
   167 | D:1      | Reached XP level 2. HP: 19/21 MP: 0/0
   637 | D:1      | Reached XP level 3. HP: 24/25 MP: 0/0
   637 | D:1      | Learned a level 1 spell: Necrotise
  1523 | D:2      | Reached XP level 4. HP: 28/31 MP: 0/0
  2251 | D:3      | Noticed a scorpion
  2257 | D:3      | Killed a scorpion
  2258 | D:3      | Reached XP level 5. HP: 27/35 MP: 0/0
  2258 | D:3      | Learned a level 2 spell: Searing Ray
  2320 | D:3      | Found a faded altar of an unknown god.
  2352 | D:3      | Noticed a black bear
  2353 | D:3      | Noticed Jessica
  2361 | D:3      | Killed Jessica
  2368 | D:3      | Killed a black bear
  2369 | D:3      | Reached XP level 6. HP: 11/40 MP: 0/0
  2382 | D:3      | Upgraded the game from 0.31-a0-1593-ge08a94b to
                  | 0.31-a0-1596-g3002321
  2475 | D:3      | Prayed at the altar of an unknown god.
  2475 | D:3      | Became a worshipper of Elyvilon the Healer
  2475 | D:3      | Reached * piety under Elyvilon
  2626 | D:3      | Found a transporter.
  2630 | D:3      | Noticed Gimbap's ghost (amateur DrSh)
  2782 | D:3      | Found a transporter.
  3154 | D:4      | Reached skill level 1 in Fighting
  3212 | D:4      | Reached skill level 2 in Fighting
  3212 | D:4      | Reached XP level 7. HP: 33/49 MP: 0/0
  3212 | D:4      | Learned a level 3 spell: Summon Ice Beast
  3236 | D:4      | Reached ** piety under Elyvilon
  3236 | D:4      | Found Eruo's Jewellery Boutique.
  3306 | D:4      | Noticed Duvessa
  3307 | D:4      | Noticed Dowan
  3334 | D:5      | Entered Level 5 of the Dungeon
  3380 | D:5      | Identified a scroll of acquirement
  3455 | D:5      | Noticed Ijyb
  3460 | D:5      | Killed Ijyb
  3542 | D:5      | Found a glowing drain.
  3551 | Sewer    | Entered a sewer
  3774 | Sewer    | Reached skill level 3 in Fighting
  4020 | D:5      | Reached skill level 5 in Spellcasting
  4020 | D:5      | Reached skill level 5 in Conjurations
  4020 | D:5      | Reached skill level 5 in Hexes
  4020 | D:5      | Reached skill level 5 in Summonings
  4020 | D:5      | Reached skill level 5 in Necromancy
  4020 | D:5      | Reached skill level 5 in Translocations
  4020 | D:5      | Reached skill level 5 in Fire Magic
  4020 | D:5      | Reached skill level 5 in Ice Magic
  4020 | D:5      | Reached skill level 5 in Air Magic
  4020 | D:5      | Reached skill level 5 in Earth Magic
  4020 | D:5      | Reached skill level 5 in Alchemy
  4218 | D:5      | Reached skill level 4 in Fighting
  4218 | D:5      | Reached XP level 8. HP: 58/58 MP: 0/0
  4306 | D:5      | Reached *** piety under Elyvilon
  4564 | D:4      | Acquired the ring of Rorud {rF++ Will+ Int+4 Slay+5}
  4656 | D:4      | Noticed Sigmund
  4665 | D:4      | Killed Sigmund
  4666 | D:4      | Reached skill level 5 in Fighting
  4714 | D:4      | Killed Duvessa
  4715 | D:4      | Killed Dowan
  4788 | D:6      | Reached skill level 6 in Fighting
  4788 | D:6      | Reached XP level 9. HP: 63/66 MP: 0/0
  4788 | D:6      | Learned a level 4 spell: Fulminant Prism
  4791 | D:6      | Found a staircase to the Ecumenical Temple.
  4811 | D:6      | Elyvilon protects you from harm!
  4818 | D:6      | Reached skill level 1 in Invocations
  4847 | D:6      | Upgraded the game from 0.31-a0-1596-g3002321 to
                  | 0.31-a0-1597-ge7908ec
  4916 | D:6      | Reached skill level 7 in Fighting
  5512 | D:4      | Bought the ring of the Countless Hells {*Slow rC+ Will+
                  | Int+3 Slay+2} for 467 gold pieces
  5778 | D:7      | Reached XP level 10. HP: 73/75 MP: 0/0
  6003 | D:7      | Reached skill level 8 in Fighting
  6016 | D:7      | Reached **** piety under Elyvilon
  6029 | D:7      | Found Caem's Hydra Hut.
  6032 | D:7      | Noticed a four-headed hydra
  6037 | D:7      | Found a sand-covered staircase.
  6059 | Ossuary  | Entered an ossuary
  6155 | Ossuary  | Reached skill level 5 in Invocations
  6432 | D:7      | Found Jabu's Weapon Boutique.
  6432 | D:7      | Noticed a +0 giant spiked club
  6432 | D:7      | Noticed a +0 rapier
  6837 | D:8      | Reached skill level 9 in Fighting
  6870 | D:8      | Noticed a centaur warrior
  6878 | D:8      | HP: 2/78 [centaur warrior/bolt (9)]
  6882 | D:8      | Elyvilon protects you from harm!
  6943 | D:8      | Reached XP level 11. HP: 70/84 MP: 0/0
  6943 | D:8      | Learned a level 5 spell: Iskenderun's Battlesphere
  7050 | D:8      | Found Sualisaf's Assorted Antiques.
  7080 | D:8      | Noticed a cyclops
  7096 | D:8      | Killed a cyclops
  7136 | D:8      | Killed a centaur warrior
  7287 | D:8      | Noticed a deep elf pyromancer
  7400 | D:8      | Noticed a brown ugly thing
  7400 | D:8      | Noticed a white ugly thing
  7467 | D:8      | Found a staircase to the Lair.
  7487 | D:8      | Found an opulent altar of Gozag.
  7800 | D:9      | Reached skill level 10 in Fighting
  7900 | Lair:1   | Entered Level 1 of the Lair of Beasts
  8523 | Lair:1   | Reached XP level 12. HP: 66/93 MP: 0/0
  8869 | Lair:2   | Noticed an eight-headed hydra
  8877 | Lair:2   | Killed an eight-headed hydra
  8878 | Lair:2   | Reached skill level 11 in Fighting
  8925 | Lair:2   | Reached ***** piety under Elyvilon
  9284 | Lair:2   | Found a staircase to the Shoals.
  9664 | Lair:3   | Noticed a seven-headed hydra
  9671 | Lair:3   | Killed a seven-headed hydra
  9678 | Lair:3   | Found a runed translucent door.
  9737 | Lair:3   | Reached skill level 10 in Spellcasting
  9737 | Lair:3   | Reached skill level 10 in Conjurations
  9737 | Lair:3   | Reached skill level 10 in Hexes
  9737 | Lair:3   | Reached skill level 10 in Summonings
  9737 | Lair:3   | Reached skill level 10 in Necromancy
  9737 | Lair:3   | Reached skill level 10 in Translocations
  9737 | Lair:3   | Reached skill level 10 in Fire Magic
  9737 | Lair:3   | Reached skill level 10 in Ice Magic
  9737 | Lair:3   | Reached skill level 10 in Air Magic
  9737 | Lair:3   | Reached skill level 10 in Earth Magic
  9737 | Lair:3   | Reached skill level 10 in Alchemy
  9852 | Lair:3   | Reached skill level 10 in Invocations
 10043 | Lair:3   | Found a hole to the Spider Nest.
 10104 | Lair:3   | Reached skill level 12 in Fighting
 10115 | Lair:3   | Reached XP level 13. HP: 54/101 MP: 0/0
 10115 | Lair:3   | Learned a level 5 spell: Arcjolt
 10273 | Lair:3   | Was placed under penance by Elyvilon
 10674 | Lair:4   | Found a staircase to the Slime Pits.
 10864 | Lair:4   | Noticed a six-headed hydra
 10874 | Lair:4   | Killed a six-headed hydra
 10886 | Lair:4   | Noticed a seven-headed hydra
 10892 | Lair:4   | Killed a seven-headed hydra
 11053 | Lair:4   | Was forgiven by Elyvilon
 11062 | Lair:4   | Reached skill level 13 in Fighting
 11483 | Lair:4   | Reached XP level 14. HP: 37/110 MP: 0/0
 11638 | Lair:5   | Entered Level 5 of the Lair of Beasts
 11765 | D:9      | Noticed Maggie
 11774 | D:9      | Killed Maggie
 11797 | D:9      | Found a sacrificial altar of Ru.
 12010 | D:9      | Found a staircase to the Orcish Mines.
 12081 | D:9      | Noticed Joseph
 12091 | D:9      | Killed Joseph
 12160 | D:9      | Identified the +0 chain mail of Tender Moments {rN+}
 12499 | D:10     | Entered Level 10 of the Dungeon
 12840 | D:10     | Found Vaitri's Magic Scroll Emporium.
 12984 | Orc:1    | Entered Level 1 of the Orcish Mines
 13214 | Orc:2    | Entered Level 2 of the Orcish Mines
 13214 | Orc:2    | Found a staircase to the Elven Halls.
 13259 | Orc:2    | Reached ****** piety under Elyvilon
 13420 | Orc:2    | Reached skill level 14 in Fighting
 13505 | Orc:2    | Found a dark tunnel.
 13578 | Volcano  | Entered a volcano
 14440 | Orc:2    | Found Geluulus's Gadget Gallery.
 14764 | Orc:2    | Found Jahyom's Distillery.
 14767 | Orc:2    | Found Goty's Magic Scroll Shop.
 14768 | Orc:2    | Found Doopp's Book Shop.
 14769 | Orc:2    | Found Saugecur's Armour Boutique.
 14776 | Orc:2    | Bought a potion of experience for 550 gold pieces
 14776 | Orc:2    | Bought a potion of experience for 550 gold pieces
 14785 | Orc:2    | Reached skill level 15 in Fighting
 14785 | Orc:2    | Reached XP level 15. HP: 120/120 MP: 0/0
 14785 | Orc:2    | Learned a level 6 spell: Summon Cactus Giant
 14786 | Orc:2    | Reached XP level 16. HP: 126/126 MP: 0/0
 15004 | Lair:5   | Reached XP level 17. HP: 118/131 MP: 0/0
 15004 | Lair:5   | Learned a level 7 spell: Orb of Destruction
 15194 | D:3      | Killed Gimbap's ghost
 15997 | Lair:5   | Found a hide-covered altar of Uskayaw.
 17372 | D:11     | Noticed Josephine
 17384 | D:11     | Killed Josephine
 17386 | D:11     | Reached skill level 16 in Fighting
 18382 | D:12     | Reached skill level 15 in Invocations
 18518 | D:12     | Reached skill level 5 in Dodging
 18602 | D:12     | Acquired a manual of Fighting
 18930 | D:13     | Identified the ring of Xom's Fair Game {MP+9 Int+3 Dex+4}
 19066 | D:13     | Found an iron altar of Okawaru.
 19188 | D:13     | Found a large runed translucent door.
 19190 | D:13     | Found a large runed translucent door.
 19196 | D:13     | Noticed Heyr's ghost (journeyman TrSh)
 19324 | D:13     | You are sucked into a shaft and drop 2 floors!
 19324 | D:15     | Entered Level 15 of the Dungeon
 19855 | D:15     | Identified the +1 robe of Ewoemomy {Archmagi}
 20085 | D:15     | Reached XP level 18. HP: 112/141 MP: 0/0
 20092 | D:15     | Reached skill level 17 in Fighting
 20127 | D:15     | Found a staircase to the Depths.
 20571 | D:14     | Found a gate to the Vaults.
 20661 | D:14     | Found Empanaf's Antique Armour Emporium.
 20669 | D:14     | Bought a runed helmet for 142 gold pieces
 20683 | D:14     | Identified the ring "Culod" {rC+ Int+3 Dex+6}
 20857 | D:14     | Identified the staff of Pain and Death {Will+ Str+2 Conj}
 20886 | D:14     | Identified the ring "Zaotu" {Wiz Dex+5 Slay-3}
 20903 | D:14     | Reached skill level 18 in Fighting
 21084 | D:14     | Identified the blade talisman of Foolhardiness {*Slow rPois
                  | Int+3}
 21282 | D:14     | Found a basalt altar of Yredelemnul.
 21578 | D:14     | Reached skill level 15 in Spellcasting
 21578 | D:14     | Reached skill level 15 in Conjurations
 21578 | D:14     | Reached skill level 15 in Hexes
 21578 | D:14     | Reached skill level 15 in Summonings
 21578 | D:14     | Reached skill level 15 in Necromancy
 21578 | D:14     | Reached skill level 15 in Translocations
 21578 | D:14     | Reached skill level 15 in Fire Magic
 21578 | D:14     | Reached skill level 15 in Ice Magic
 21578 | D:14     | Reached skill level 15 in Air Magic
 21578 | D:14     | Reached skill level 15 in Earth Magic
 21578 | D:14     | Reached skill level 15 in Alchemy
 22282 | Shoals:1 | Entered Level 1 of the Shoals
 22369 | Shoals:1 | Noticed a kraken
 22374 | Shoals:1 | Killed a kraken
 22902 | Shoals:1 | Noticed a kraken
 22907 | Shoals:1 | Killed a kraken
 23144 | Shoals:2 | Noticed Ilsuiw
 23382 | Shoals:2 | Reached XP level 19. HP: 149/152 MP: 0/0
 23382 | Shoals:2 | Learned a level 6 spell: Conjure Ball Lightning
 23426 | Shoals:2 | Killed Ilsuiw
 23732 | Shoals:2 | Reached skill level 19 in Fighting
 24195 | Shoals:3 | Found Oskafuch's Magic Scroll Shoppe.
 24242 | Shoals:3 | Reached skill level 10 in Dodging
 24247 | Shoals:3 | Bought a scroll of blinking for 127 gold pieces
 24329 | Shoals:3 | Shot with an arrow by a satyr

Illustrated notes

Levels and vault maps discovered:
D:1:      roderic_octagonal_star, layout_loops_corners
D:2:      layout_loops_corners, minivault_11, minmay_crystal_water,
          nrook_loot_triangle, chequers_serial_rivers_micro_a,
          hangedman_decor_growths, minivault_19
D:3:      layout_loops_ring, mainiacjoe_overflow_brackets,
          hellmonk_ecumenical_altar_lost_god, gammafunk_ghost_stat_death,
          kennysheep_decorative_pillar, uniq_jessica
D:4:      layout_basic, serial_shops, shop_fountains, kennysheep_generic_room_7,
          uniq_sigmund, uniq_duvessa
D:5:      layout_gridville, cheibrodos_sewer_entry_drain,
          mrwooster_statue_mirror, uniq_ijyb
D:6:      layout_loops_ring, minmay_temple_entry_gardened_gates
D:7:      layout_basic, serial_shops, nicolae_shop_mannequins, enter_ossuary_3,
          doesnt_shop_hydraphobe
D:8:      layout_basic, nicolae_gozag_cash_rules_everything_around_me,
          grunt_lair_entry_orc_guard_hut, serial_shops, nicolae_take_the_stairs,
          minmay_shattered_shrine
D:9:      layout_loops_ring, hangedman_ru_absence, david_orc_3, uniq_joseph,
          uniq_maggie
D:10:     layout_gridville, serial_shops, nicolae_shop_tiny_real_fake_doors
D:11:     layout_cave_pods, uniq_josephine
D:12:     layout_gridville
D:13:     layout_rooms, ebering_ghost_disaster_area, okawaru_metal_pillars_1_2
D:14:     minmay_heptahexagon, layout_layer_cave,
          lightli_vaults_fourway_checkpoint, lemuel_tele_altar, serial_shops,
          nicolae_shop_crystal
D:15:     grunt_enter_depths_magical_seal, layout_stronghold,
          minmay_misc_feat_ornament
Lair:1:   layout_gridlike, serial_bayou_shore_b, infiniplex_staircase_pool
Lair:2:   layout_hall_layers, shoals_dummy_entry
Lair:3:   gammafunk_mikee_crab_dinner, layout_long_grid,
          hellmonk_spider_entry_life_and_decay, nicolae_lair_lindhole
Lair:4:   layout_roguey, minmay_slime_entry_pillars
Lair:5:   minmay_lair_end_frog_pond, layout_gridlike, basic_altar, worms_lemuel
Shoals:1: layout_shoals, nicolae_shoals_lost_giant_hut
Shoals:2: layout_shoals, nicolae_shoals_aquamancer_cove, uniq_ilsuiw
Shoals:3: layout_shoals, serial_shops, nicolae_shop_stone
Orc:1:    layout_caves
Orc:2:    st_orc_pillars, layout_caves, nicolae_volcano_entry_lava_flow,
          nicolae_shop_gadgets

Skill      XL: |  1  2  3  4  5  6  7  8  9 10 11 12 13 14 15 16 17 18 19 |
---------------+----------------------------------------------------------+-----
Stealth        | 2 3 |  3.3
Dodging        | 3 4 6 9 10 | 10.0
Spellcasting   | 4 5 6 7 8 9 10 11 12 14 15 | 15.6
Conjurations   | 4 5 6 7 8 9 10 11 12 14 15 | 15.6
Hexes          | 4 5 6 7 8 9 10 11 12 14 15 | 15.6
Summonings     | 4 5 6 7 8 9 10 11 12 14 15 | 15.6
Necromancy     | 4 5 6 7 8 9 10 11 12 14 15 | 15.6
Translocations | 4 5 6 7 8 9 10 11 12 14 15 | 15.6
Fire Magic     | 4 5 6 7 8 9 10 11 12 14 15 | 15.6
Ice Magic      | 4 5 6 7 8 9 10 11 12 14 15 | 15.6
Air Magic      | 4 5 6 7 8 9 10 11 12 14 15 | 15.6
Earth Magic    | 4 5 6 7 8 9 10 11 12 14 15 | 15.6
Alchemy        | 4 5 6 7 8 9 10 11 12 14 15 | 15.6
Fighting       | 2 4 6 7 9 10 12 13 15 16 18 19 | 19.1
Invocations    | 4 6 8 10 11 13 14 15 | 15.0

Action                     |  1- 3 |  4- 6 |  7- 9 | 10-12 | 13-15 | 16-18 | 19-21 || total
---------------------------+-------+-------+-------+-------+-------+-------+-------++-------
   Cast: Foxfire           |    87 |    92 |   246 |   304 |   451 |   644 |   111 ||  1935
         Searing Ray       |       |     3 |     1 |    14 |    10 |     3 |       ||    31
         Scorch            |       |    16 |    76 |   178 |   110 |    36 |       ||   416
         Summon Ice Beast  |       |       |     4 |     4 |     1 |       |       ||     9
         Volatile Blastmot |       |       |     1 |       |       |       |       ||     1
         Fulminant Prism   |       |       |       |     1 |     2 |       |       ||     3
         Iskenderun's Batt |       |       |       |     8 |    39 |    79 |    11 ||   137
         Flame Wave        |       |       |       |     4 |     9 |     3 |       ||    16
         Arcjolt           |       |       |       |       |    58 |   135 |     8 ||   201
         Orb of Destructio |       |       |       |       |       |    18 |     2 ||    20
         Summon Cactus Gia |       |       |       |       |       |     1 |       ||     1
         Conjure Ball Ligh |       |       |       |       |       |       |     1 ||     1
 Invoke: Heal Self         |       |       |       |     5 |    17 |    17 |     4 ||    43
  Evoke: Wand              |       |       |     5 |       |     2 |       |       ||     7
    Use: Potion            |       |     2 |     2 |       |     4 |       |       ||     8
         Scroll            |       |       |    12 |    12 |     9 |     4 |       ||    37
 Armour: Robe              |     4 |    24 |     1 |       |       |    90 |    24 ||   143
         Leather armour    |       |       |    28 |   125 |   159 |   127 |       ||   439
  Dodge: Dodged            |     1 |    18 |    14 |    87 |   103 |   116 |    13 ||   352
  Block: Buckler           |       |       |       |       |       |    30 |     5 ||    35

Table legend: (Time is in decaauts)
 A = Elapsed time spent in this place.
 B = Non-inter-level travel time spent in this place.
 C = Inter-level travel time spent in this place.
 D = Time resting spent in this place.
 E = Time spent auto-exploring this place.
 F = Levels seen in this place.
 G = Mean time per level.
                   A        B        C        D        E       F      G
               +--------+--------+--------+--------+--------+-----+--------+
         Total |  24380 |  22334 |   2046 |    259 |  17619 |  28 |  870.7 |
       Dungeon |  14318 |  12973 |   1345 |    174 |  10373 |  15 |  954.5 |
          Lair |   5405 |   4910 |    495 |     51 |   3974 |   5 | 1081.0 |
        Shoals |   2052 |   2007 |     45 |      0 |   1680 |   3 |  684.0 |
  Orcish Mines |   1551 |   1391 |    160 |      9 |    951 |   2 |  775.5 |
         Sewer |    461 |    461 |      0 |      0 |    318 |   1 |  461.0 |
       Ossuary |    279 |    279 |      0 |      0 |    127 |   1 |  279.0 |
       Volcano |    310 |    310 |      0 |     25 |    196 |   1 |  310.0 |
               +--------+--------+--------+--------+--------+-----+--------+

Top non-repeatable levels by time:
    D:14: 1524 daAuts
     D:8: 1383 daAuts
  Lair:5: 1308 daAuts
   Orc:2: 1260 daAuts
    D:15: 1179 daAuts
    D:11: 1175 daAuts
     D:2: 1138 daAuts
     D:1: 1088 daAuts
  Lair:3: 1068 daAuts
  Lair:4: 1057 daAuts
  Lair:2: 1053 daAuts
     D:9: 1053 daAuts
Shoals:2: 987 daAuts
Shoals:1: 931 daAuts
  Lair:1: 918 daAuts
